 Dungeon Crawl Stone Soup version 0.19-a0-1899-g2d93087 (webtiles) character file.

2376 vev the Grappler (level 9, -8/71 HPs)
             Began as a Grey Draconian Abyssal Knight on Oct 19, 2016.
             Was a Priest of Lugonu.
             Mangled by an orc knight
             ... wielding a +0 war axe
              (27 damage)
             ... in a bailey.
             The game lasted 00:29:55 (4878 turns).

vev the Grappler (Grey Draconian Abyssal Knight)    Turns: 4878, Time: 00:29:56

Health: -8/71      AC: 15    Str: 15    XL:     9   Next: 21%
Magic:  5/11       EV: 13    Int: 12    God:    Lugonu [***...]
Gold:   1376       SH:  0    Dex: 14    Spells: 0 memorised, 8 levels left

rFire  . . .     SeeInvis .       - Unarmed
rCold  . . .     Gourm    .     (armour unavailable)
rNeg   . . .     Faith    .     (no shield)
rPois  +         Spirit   .     (helmet restricted)
rElec  .         Reflect  .     f - +2 cloak (curse)
rCorr  .         Harm     .     (no gloves)
MR     .....                    (no boots)
Stlth  ++........               (no amulet)
                                (no ring)
                                (no ring)

@: no status effects
A: walk through water, unfitting armour, hooves 1, blurry vision 1, sense
surroundings 1, poison resistance, unbreathing, cold-blooded, subdued magic 1,
AC +12
a: Depart the Abyss, Bend Space, Banish, Renounce Religion


You were in a bailey.
You worshipped Lugonu.
Lugonu was most pleased with you.
You were not hungry.

You visited 1 branch of the dungeon, and saw 7 of its levels.
You visited the Abyss 1 time.
You also visited: Bailey.

You collected 1376 gold pieces.

Inventory:

Missiles
 m - 4 javelins
 u - 34 tomahawks of returning (quivered)
Armour
 f - a cursed +2 cloak (worn)
Wands
 g - a wand of lightning (11/15)
 q - a wand of acid (7/15)
Scrolls
 b - 2 scrolls of amnesia
 d - 2 scrolls of enchant weapon {unknown}
 e - 2 scrolls of recharging
 h - 2 scrolls of teleportation
 l - 2 scrolls of remove curse
 s - a scroll of blinking {unknown}
 v - a scroll of magic mapping {unknown}
Potions
 k - a potion of magic {unknown}
 o - 2 potions of haste
 p - a potion of cancellation
 r - 5 potions of flight
Comestibles
 a - 2 bread rations
 c - 2 fruits
 j - 6 meat rations


   Skills:
 + Level 4.1 Fighting
 + Level 3.0 Dodging
 + Level 1.8 Stealth
 + Level 11.5 Unarmed Combat
 + Level 2.9 Invocations


You had 8 spell levels left.
You didn't know any spells.

Dungeon Overview and Level Annotations

Branches:
Dungeon (7/15)             Temple (0/1) D:4

Altars:
Cheibriados
Elyvilon
Fedhas
Hepliaklqana
Okawaru
The Shining One

Annotations:
D:3 Iwannabefree's ghost, amateur HEAM
D:4 Sigmund
D:6 Blork the orc; Eustachio; Grinder


Innate Abilities, Weirdness & Mutations

You can walk through water.
Your dull iron-grey scales are very hard. (AC +12)
You cannot fit into any form of body armour.
You can survive without breathing.
You are cold-blooded and may be slowed by cold attacks.
You have large cloven feet.
Scrolls take you a little longer to read.
You passively map a small area around you.
Your system is resistant to poisons. (rPois)
Your spells are a little easier to cast, but a little less powerful.


Message History

Press: ? - help, Shift-Dir - straight line, f/p - orc knight
Aim: an orc knight, wielding a war axe and wearing a plate armour (chance to defeat MR: 67%)
You fail to use your ability.
The orc knight hits you with a war axe!!
* * * LOW HITPOINT WARNING * * *
You feel better. The orc knight barely misses you.
Unknown command.
Unknown command.
Press: ? - help, Shift-Dir - straight line, f/p - orc knight
Aim: an orc knight, wielding a war axe and wearing a plate armour (chance to defeat MR: 67%)
You fail to use your ability.
The orc knight closely misses you.
Press: ? - help, Shift-Dir - straight line, f/p - orc knight
Aim: an orc knight, wielding a war axe and wearing a plate armour (chance to defeat MR: 67%)
You fail to use your ability.
Press: ? - help, Shift-Dir - straight line, f/p - orc knight
Aim: an orc knight, wielding a war axe and wearing a plate armour (chance to defeat MR: 67%)
The orc knight struggles to resist.
You feel somewhat more hungry.
You can no longer corrupt the fabric of space.
The orc knight hits you with a war axe!!
You die...

############# ##...#...##(∩#
#.##........##
#############.###########
#........)....go@.......##
.........#########.......#
......#)## ####'#..##
.⌠....#..#,, , #..#.#.).#######
....###..# . #..###...)#≈≈≈≈#
..).#.'.(####' ###..' #..≈≈≈≈≈≈≈≈
....###..(...oo.....###.≈≈≈≈≈≈≈≈≈
≈...†.#..####'####..#.)≈≈≈≈≈≈≈###
≈≈≈≈≈o####.......####≈≈≈≈≈≈####


You could see an orc knight and a hobgoblin.

Vanquished Creatures
  The ghost of anet the Gusty, a novice HEWz of Ashenzari (Bailey)
  A hungry ghost (D:7)
  A water moccasin (D:7)
  A sky beast (D:5)
  4 orc warriors (Bailey)
  An ice beast (D:6)
  2 ogres
  2 bullfrogs (D:7)
  A bullfrog zombie (D:4)
  5 hounds
  Natasha (D:4)
  A worker ant (D:5)
  A hound zombie (D:7)
  Robin (D:4)
  10 adders
  2 oozes
  A worm (D:5)
  9 dart slugs (D:5)
  A leopard gecko (D:2)
  3 orcs
  2 ball pythons (D:2)
  3 giant cockroaches
  16 hobgoblins
  3 jackals (D:3)
  14 kobolds
  3 quokkas
  6 bats
  9 frilled lizards
  21 goblins
  A jackal zombie (D:5)
  6 rats
  A fungus (D:7)
134 creatures vanquished.

Vanquished Creatures (others)
  An orc knight (Bailey)
  A quokka (D:4)
2 creatures vanquished.

Grand Total: 136 creatures vanquished

Notes
Turn   | Place    | Note
-------+----------+-------------------------------------------
     0 | Abyss:1  | vev the Draconian Abyssal Knight began the quest for the Orb.
     0 | Abyss:1  | Reached XP level 1. HP: 19/19 MP: 2/2
     4 | Abyss:1  | Found a snail-covered altar of Cheibriados.
    20 | D:1      | Escaped the Abyss
   143 | D:1      | Reached XP level 2. HP: 22/26 MP: 3/3
   157 | D:1      | Reached skill level 3 in Unarmed Combat
   273 | D:1      | Reached ** piety under Lugonu
   355 | D:1      | Reached XP level 3. HP: 15/31 MP: 4/4
   510 | D:2      | Reached skill level 4 in Unarmed Combat
   651 | D:2      | Found a hazy altar of Hepliaklqana.
   703 | D:2      | Reached XP level 4. HP: 18/38 MP: 5/5
   746 | D:2      | Found a faded altar of an unknown god.
   865 | D:2      | Found an iron altar of Okawaru.
   880 | D:2      | Found a blossoming altar of Fedhas.
   959 | D:2      | Found a glowing golden altar of the Shining One.
  1043 | D:2      | Found a white marble altar of Elyvilon.
  1214 | D:3      | Reached skill level 5 in Unarmed Combat
  1321 | D:3      | Noticed Iwannabefree's ghost (amateur HEAM)
  1435 | D:3      | Reached *** piety under Lugonu
  1488 | D:4      | Noticed Natasha
  1492 | D:4      | Found a white marble altar of Elyvilon.
  1510 | D:4      | Killed Natasha
  1510 | D:4      | Reached XP level 5. HP: 14/45 MP: 6/6
  1736 | D:4      | Reached skill level 6 in Unarmed Combat
  1781 | D:4      | Noticed Robin
  1807 | D:4      | Killed Robin
  1839 | D:4      | Reached XP level 6. HP: 13/51 MP: 7/7
  2062 | D:5      | Entered Level 5 of the Dungeon
  2235 | D:6      | Noticed Blork the orc
  2350 | D:5      | Found a snail-covered altar of Cheibriados.
  2426 | D:6      | Noticed Eustachio
  2527 | D:5      | Noticed a sky beast
  2571 | D:5      | Killed a sky beast
  2571 | D:5      | Reached skill level 7 in Unarmed Combat
  2577 | D:5      | Gained mutation: You have large cloven feet. [mutagenic meat]
  2580 | D:5      | Gained mutation: You are weak. (Str -2) [mutagenic meat]
  2583 | D:5      | Lost mutation: You are weak. (Str -2) [mutagenic meat]
  2649 | D:4      | Found a staircase to the Ecumenical Temple.
  2656 | D:4      | Noticed Sigmund
  2659 | D:4      | HP: 4/51 [Sigmund/scythe of pain (15)]
  2906 | D:6      | Reached skill level 8 in Unarmed Combat
  2906 | D:6      | Your scales start taking on a dull iron-grey colour.
  2906 | D:6      | Reached XP level 7. HP: 11/57 MP: 8/8
  2906 | D:6      | Gained mutation: You can survive without breathing. [Grey Draconian growth]
  3267 | D:6      | Noticed Grinder
  3275 | D:6      | Paralysed by Grinder for 3 turns
  3280 | D:7      | Noticed a hungry ghost
  3286 | D:7      | Killed a hungry ghost
  3286 | D:7      | Reached skill level 9 in Unarmed Combat
  3390 | D:7      | Reached XP level 8. HP: 17/63 MP: 9/9
  3476 | D:7      | Gained mutation: Scrolls take you a little longer to read. [potion of mutation]
  3476 | D:7      | Gained mutation: Your spells are a little easier to cast, but a little less powerful. [potion of mutation]
  3487 | D:7      | Reached skill level 10 in Unarmed Combat
  3493 | D:7      | Reached **** piety under Lugonu
  3506 | D:7      | Found a flagged portal.
  3550 | Bailey   | Entered a bailey
  3571 | Bailey   | Noticed anet's ghost (novice HEWz)
  3593 | Bailey   | Killed anet's ghost
  3593 | Bailey   | Reached skill level 11 in Unarmed Combat
  3802 | Bailey   | Noticed an orc knight
  3910 | Bailey   | Noticed an orc knight
  4113 | Bailey   | HP: 3/63 [orc warrior/broad axe (21)]
  4451 | Bailey   | Reached XP level 9. HP: 30/70 MP: 10/10
  4608 | Bailey   | Gained mutation: Your system is resistant to poisons. (rPois) [potion of mutation]
  4608 | Bailey   | Gained mutation: You passively map a small area around you. [potion of mutation]
  4704 | Bailey   | Reached skill level 1 in Stealth
  4852 | Bailey   | the orc knight is devoured by a tear in reality.
  4852 | Bailey   | Banished an orc knight
  4852 | Bailey   | Reached skill level 4 in Fighting
  4852 | Bailey   | Reached skill level 3 in Dodging
  4878 | Bailey   | Mangled by an orc knight

Vault maps used:
D:1:      dpeg_arrival_orchard, minmay_tetromino_i4
D:2:      marbit_many_paths, fedhas_altar_2, lemuel_doored_altar,
          lemuel_round_altar, first_bread, ecumenical_altar_2,
          minmay_misc_feat_tiny, okawaru_ov_weapons_minmay
D:3:      minmay_door_path
D:4:      makhleb_altar_promises_db, elyvilon_altar_4, uniq_sigmund, uniq_robin,
          uniq_natasha
D:5:      kennysheep_slugbush, lemuel_round_altar
D:6:      uniq_blork_the_orc, uniq_eustachio, uniq_duvessa, uniq_grinder
D:7:      nicolae_ru_great_annihilating_truth, enter_bailey_3,
          minmay_gold_behind_fungi
Bailey:   bailey_axe_4, bailey

Skill      XL: |  1  2  3  4  5  6  7  8  9 |
---------------+----------------------------+-----
Unarmed Combat | 3 4 5 6 8 9 11 | 11.5
Stealth        | 1 |  1.8
Fighting       | 4 |  4.1
Dodging        | 3 |  3.0
Invocations    | |  2.9

Action                   |  1- 3 |  4- 6 |  7- 9 || total
-------------------------+-------+-------+-------++-------
Melee: Unarmed           |   136 |   265 |   156 ||   557
       Tailslap          |     8 |    28 |    19 ||    55
       Punch             |     1 |     8 |     6 ||    15
       Kick              |       |     5 |    43 ||    48
Throw: Javelin           |       |     5 |    12 ||    17
       Tomahawk          |       |       |   100 ||   100
Invok: Banish            |       |       |     2 ||     2
  Use: Scroll            |       |    12 |     1 ||    13
       Potion            |       |       |     7 ||     7
 Stab: Sleeping          |       |     1 |       ||     1
  Eat: Chunk             |       |    10 |     3 ||    13
       Pizza             |       |       |     1 ||     1
       Meat ration       |       |       |     1 ||     1
Armor: Skin              |    40 |    78 |    67 ||   185
Dodge: Dodged            |   112 |   118 |   106 ||   336
